Unix NetHack Version 5.0.0-0 post-release - last build May 31 2026 23:59:36 (970b52f25bf058293b47ddfd14a1e40e571c508c,branch:main).

Game began 2026-06-07 23:47:56, ended 2026-06-08 00:08:12.

Drastanta, neutral male human Barbarian

                                                                     ----
                                                                     |(.|
                                                                   ---..---
                                                                ----......---
                                                               --.|.....r@%.|
                                               --        -------........)r..|
                                               -.........................----
                                                          ----- ---...G.--
                                                -..               --....|
                                                 -...>.            |...-|
                                                  .........      ---....--
                                                     |.........  |.......|
                                                      -..................--
                                                      --..................|
                                                      -..................--
                                                        |................|
                                                        --..............--
                                                         --...----......|
                                                          ----   |......|
                                                                 |..--.--
                                                                 --- ---
Drastanta the Bandit       St:16 Dx:18 Co:18 In:7 Wi:7 Ch:7  Neutral
Dlvl:6  $:145 HP:0(65) Pw:15(15) AC:3  Xp:6 T:2070 

Latest messages:
 The gnome king zaps a wand of magic missile!
 The magic missile hits you!
 You kill the gnome!
 Idefix bites it.
 You hear some noises in the distance.
 The gnome king swings his crossbow.
 The gnome king hits!
 You feel more confident in your weapon skills.
 (Tip: use the #enhance command to advance them.)
 You smite the gnome king!
 The gnome king swings his crossbow.
 The gnome king hits!
 You smite the gnome king!
 You kill the gnome king!
 The wererat changes into a rat.
 The wererat bites!
 You avoid harm.
 You smite the wererat!
 The wererat summons help!
 A rabid rat suddenly appears next to you!
 A giant rat suddenly appears next to you!
 A rabid rat suddenly appears next to you!
 A sewer rat suddenly appears next to you!
 The wererat bites!
 You kill the giant rat!
 The sewer rat bites!
 The rabid rat bites!
 The rabid rat bites!
 The wererat bites!
 You smite the rabid rat!
 The sewer rat bites!
 The rabid rat misses!
 The rabid rat bites!
 The wererat bites!
 You kill the rabid rat!
 The sewer rat bites!
 The rabid rat bites!
 The rabid rat's bite was poisoned!
 The poison doesn't seem to affect you.
 The wererat bites!
 The gnome shoots 2 crossbow bolts!
 The 1st crossbow bolt hits the sewer rat.
 The sewer rat is killed!
 The 2nd crossbow bolt misses you.
 Are you sure you want to pray? [yn] (n) y
 You begin praying to Crom.
 The rabid rat bites!
 You die...
 Do you want your possessions identified? [ynq] (y) y
 Do you want to see your attributes? [ynq] (y) q

Inventory:
 Coins    ('$')
  $ - 145 gold pieces
 Amulets  ('"')
  r - an uncursed amulet of unchanging
 Weapons  (')')
  A - a +0 aklys
  a - a blessed +0 battle-axe (weapon in hands)
 Armor    ('[')
  x - an uncursed +0 dwarvish iron helm (being worn)
  o - an uncursed +0 pair of iron shoes (being worn)
  p - a blessed +0 dwarvish cloak (being worn)
  c - an uncursed +0 ring mail (being worn)
 Comestibles  ('%')
  i - 2 uncursed pancakes
 Scrolls  ('?')
  F - an uncursed scroll of identify
  m - an uncursed scroll of magic mapping
  e - an uncursed scroll of remove curse
  k - a cursed scroll of remove curse
  f - an uncursed scroll of teleportation
 Potions  ('!')
  q - a blessed potion of hallucination
  j - 2 uncursed potions of healing
 Rings    ('=')
  D - an uncursed ring of polymorph control
  C - an uncursed ring of warning
 Wands    ('/')
  l - a wand of teleportation (0:8)
 Tools    ('(')
  u - an uncursed lock pick
  w - an uncursed towel
 Gems/Stones  ('*')
  B - an uncursed luckstone named Luckstone?

Drastanta the Barbarian's attributes:

Background:
 You were a Bandit, a level 6 male human Barbarian.
 You were neutral, on a mission for Crom
 who was opposed by Mitra (lawful) and Set (chaotic).
 You were right-handed.
 You were in the Gnomish Mines, on level 6.
 You entered the dungeon 2070 turns ago.
 It was the midnight hour.
 You had 396 experience points, 244 more were needed to attain level 7.

Basics:
 You had 0 out of 65 hit points.
 You had all 15 energy points (spell power).
 Your armor class was 3.
 Your wallet contained 145 zorkmids.
 Autopickup was on for '$' plus thrown.

Final Characteristics:
 Your strength was 16 (limit:18/100).
 Your dexterity was 18 (limit:18).
 Your constitution was 18 (limit:18).
 Your intelligence was 7 (limit:18).
 Your wisdom was 7 (limit:18).
 Your charisma was 7 (limit:18).

Final Status:
 You weren't hungry.
 You were unencumbered.
 You were wielding an axe.
 You had basic skill with axe and could have enhanced that.

Final Attributes:
 You were piously aligned.
 Your items were somewhat protected from fire.
 Your items were somewhat protected from cold.
 You were poison resistant.
 You were warded.
 You were lucky.
 You had extra luck.
 Bad luck did not time out for you.
 Good luck did not time out for you.
 You are dead.

Miscellaneous:
 You didn't encounter any bones levels.
 Total elapsed playing time was 20 minutes and 16 seconds.

Major events:
 Turn
    1: Drastanta the neutral male human Barbarian entered the dungeon
  511: entered the Gnomish Mines
  759: attained the rank of Pillager (level 3)
 1616: reached Mine Town
 1813: attained the rank of Bandit (level 6)
 2070: killed by a rabid rat, while praying

You didn't know any spells.

Skills:
 Fighting Skills
   bare handed combat [Basic]
   two weapon combat  [Unskilled]
   riding             [Unskilled]
 Weapon Skills
   dagger             [Unskilled]
   axe                [Basic]
   pick-axe           [Unskilled]
   short sword        [Basic]
   broadsword         [Unskilled]
   long sword         [Unskilled]
   two-handed sword   [Unskilled]
   saber              [Unskilled]
   club               [Unskilled]
   mace               [Unskilled]
   morning star       [Unskilled]
   flail              [Unskilled]
   hammer             [Unskilled]
   quarterstaff       [Unskilled]
   spear              [Unskilled]
   trident            [Unskilled]
   bow                [Unskilled]
 Spellcasting Skills
   attack spells      [Unskilled]
   escape spells      [Unskilled]

Voluntary challenges:
 Character rerolling was not enabled.
 You were illiterate.
 You never genocided any monsters.
 You never polymorphed an object.
 You never changed form.
 You used no wishes.
Achievements:
 You entered the Gnomish Mines.
 You attained the rank of Pillager.
 You entered Minetown.
 You entered a temple.
 You entered a shop.
 You attained the rank of Bandit.

 The Dungeons of Doom: levels 1 to 3
    Level 1:
       A fountain.
    Level 2:
       Stairs down to The Gnomish Mines.
    Level 3:
 The Gnomish Mines: levels 3 to 6
    Level 3:
    Level 4:
    Level 5:
       Many shops, a temple and an altar, some fountains.
    Level 6: <- You were here.
       Final resting place for
          you, killed by a rabid rat, while praying.


Vanquished creatures:
  a small mimic
  a watchman
  2 gnome rulers
  3 gnome leaders
  2 gnomish wizards
  6 dwarves
  a rabid rat
 an orc zombie
 an acid blob
  a gas spore
  a giant rat
  a cave spider
 22 gnomes
  a gnome zombie
  a gecko
  6 jackals
  2 foxes
  a kobold
  a goblin
  a sewer rat
  a grid bug
  a bat
  4 lichens
  a kobold zombie
  3 newts
66 creatures vanquished.

No species were genocided or became extinct.

Game over:
                       ----------
                      /          \
                     /    REST    \
                    /      IN      \
                   /     PEACE      \
                  /                  \
                  |    Drastanta     |
                  |      145 Au      |
                  |   killed by a    |
                  |    rabid rat     |
                  |                  |
                  |                  |
                  |       2026       |
                 *|     *  *  *      | *
        _________)/\\_//(\/(/\)/\//\/|_)_______

Goodbye Drastanta the Barbarian...

You died in The Gnomish Mines on dungeon level 6 with 1965 points,
and 145 pieces of gold, after 2070 moves.
You were level 6 with a maximum of 65 hit points when you died.

